 Dungeon Crawl Stone Soup version 0.29.0-10-g45618ea6d2 (webtiles) character file.

Game seed: 2571375669933237975

2111 nickcage the Spear-Bearer (level 9, -3/61 HPs)
             Began as a Merfolk Gladiator on Sept 1, 2022.
             Was a Priest of Hepliaklqana.
             Killed from afar by a steam dragon (10 damage)
             ... with a ball of steam
             ... on level 7 of the Dungeon.
             The game lasted 00:13:28 (7255 turns).

nickcage the Spear-Bearer (Merfolk Gladiator)       Turns: 7255, Time: 00:13:28

Health: -3/61      AC: 13    Str: 25    XL:     9   Next: 28%
Magic:  9/9        EV:  8    Int:  7    God:    Hepliaklqana [***...]
Gold:   369        SH:  9    Dex: 15    Spells: 8/8 levels left

rFire   . . .      SeeInvis .   a - +0 trident
rCold   . . .      Faith    .   x - +0 kite shield
rNeg    + . .      Spirit   .   v - +0 chain mail
rPois   .          Reflect  .   c - +0 helmet
rElec   .          Harm     .   (no cloak)
rCorr   .          Rampage  .   (no gloves)
Will    .....                   E - +2 pair of boots
Stlth   ..........              (no amulet)
HPRegen 0.20/turn               D - ring of positive energy
MPRegen 0.11/turn               M - +6 ring of strength

@: no status effects
A: reduced essence, (nimble swimmer 2), mertail
a: Renounce Religion, Recall Ancestor, Ancestor Identity, Transference


You were on level 7 of the Dungeon.
You worshipped Hepliaklqana.
Hepliaklqana was most pleased with you.
You visited 1 branch of the dungeon, and saw 7 of its levels.

You collected 369 gold pieces.

Inventory:

Hand Weapons
 a - a +0 trident (weapon)
Missiles
 d - 4 throwing nets
 e - a javelin
 w - 10 poisoned darts
 y - 4 curare-tipped darts (quivered)
 A - 9 boomerangs
Armour
 b - a +0 leather armour
 c - a +0 helmet (worn)
 g - a +0 ring mail
 j - a +0 scale mail
 v - a +0 chain mail (worn)
 x - a +0 kite shield (worn)
 E - a +2 pair of boots (worn)
Jewellery
 h - an amulet of faith
 D - a ring of positive energy (left hand)
 F - a ring of protection from cold
 M - a +6 ring of strength (right hand)
 P - an amulet of reflection
Wands
 Q - a wand of iceblast (5)
Scrolls
 f - 3 scrolls of noise {unknown}
 i - a scroll of poison {unknown}
 m - 2 scrolls of fear {unknown}
 n - 2 scrolls of enchant weapon {unknown}
 q - 2 scrolls of teleportation {unknown}
 r - a scroll of silence {unknown}
 s - a scroll of vulnerability {unknown}
 z - a scroll of brand weapon {unknown}
 B - a scroll of blinking {unknown}
 C - a scroll of immolation {unknown}
 J - 4 scrolls of identify {unknown}
 L - a scroll of summoning {unknown}
 N - a scroll of enchant armour {unknown}
Potions
 k - a potion of flight {unknown}
 l - 2 potions of brilliance {unknown}
 o - a potion of invisibility {unknown}
 p - 2 potions of haste {unknown}
 t - a potion of attraction {unknown}
 u - a potion of mutation {unknown}
 G - 2 potions of experience {unknown}
 H - a potion of heal wounds {unknown}
 I - a potion of degeneration {unknown}
 K - a potion of lignification {unknown}
 O - a potion of berserk rage {unknown}


   Skills:
 + Level 5.0 Fighting
 + Level 12.3 Polearms
 - Level 2.0 Throwing
 + Level 3.7 Armour
 - Level 4.0 Dodging
 + Level 3.7 Shields


You had 8 spell levels left.
You didn't know any spells.
Your spell library contained the following spells:

 Spells                   Type           Power      Damage    Failure   Level
 Sandblast                Erth           0%         2d4       100%        1
 Summon Small Mammal      Summ           0%         N/A       100%        1
 Passwall                 Tmut/Erth      0%         N/A       100%        2
 Static Discharge         Conj/Air       0%         3-3/arc   100%        2
 Call Canine Familiar     Summ           0%         N/A       100%        3
 Stone Arrow              Conj/Erth      0%         3d7       100%        3
 Summon Guardian Golem    Hex/Summ       0%         N/A       100%        3
 Dispel Undead            Necr           0%         3d6       100%        4
 Sticky Flame             Conj/Fire      0%         2d3       100%        4
 Freezing Cloud           Conj/Ice/Air   0%         6-21      100%        5
 Simulacrum               Ice/Necr       0%         N/A       100%        6
 Polar Vortex             Ice            0%         N/A       100%        9


Dungeon Overview and Level Annotations

Branches:
Dungeon (7/15)             Temple (0/1) D:4

Altars:
Dithmenos
Fedhas
Hepliaklqana
Kikubaaqudgha
Okawaru
Ru
Uskayaw
Xom
The Shining One

Shops:
D:1 *   D:6 (


Innate Abilities, Weirdness & Mutations

Your life essence is reduced to manifest your ancestor. (-10% HP)
((You are very nimble when in or above water. (Stealth+, EV+, Speed+++)))
Your lower body shifts to a powerful aquatic tail in water.


Message History

The ball of steam hits you!
Tank hits the steam dragon with a +0 flail.
You are too injured to fight recklessly!
You are too injured to fight recklessly!
You are too injured to fight recklessly!
You are too injured to fight recklessly!
Reach: a) +0 trident
Press: ? - help, Dir - move target, f/p - steam dragon
Aim: a steam dragon (moderately wounded, catching its breath, ally target, about 34% to evade your +0 trident)
You reach to attack!
You closely miss the steam dragon.
The steam dragon is moderately wounded.
You are engulfed in a cloud of scalding steam.
* * * LOW HITPOINT WARNING * * *
Tank blocks the steam dragon's attack. x2
Tank hits the steam dragon with a +0 flail!
Reach: a) +0 trident
Press: ? - help, Dir - move target, f/p - steam dragon
Aim: a steam dragon (heavily wounded, catching its breath, ally target, about 34% to evade your +0 trident)
You reach to attack!
You closely miss the steam dragon.
The steam dragon is heavily wounded.
You are engulfed in a cloud of scalding steam.
* * * LOW HITPOINT WARNING * * *
The steam dragon barely misses Tank.
Tank blocks the steam dragon's attack.
Tank hits the steam dragon with a +0 flail.
The steam dragon breathes steam at you.
The ball of steam hits Tank but does no damage.
The ball of steam misses you.
Tank closely misses the steam dragon.
Tank blocks something's attack.
The steam dragon bites Tank but does no damage.
The steam dragon claws Tank but does no damage.
Tank closely misses the steam dragon.
Something stings Tank but does no damage.
Tank hits the steam dragon with a +0 flail.
Something stings Tank but does no damage.
Tank barely misses the steam dragon.
Something stings Tank but does no damage.
Something stings Tank but does no damage.
The steam dragon breathes steam at you. The ball of steam hits you!
You die...

.........# .....#
.............# .....#
.............##.....#
....................#....#
.........................
....... #....# .........##
#...s. #....##..........#
##.....##D..ยงยง@..........#
.......sR....########....#
##...........##...)##....#
#....>##....##....'.....#
#..... #....##....#R....#
########..........##...##
........##$...##...##
........########....#
...##....##......)...#


You could see the friendly Tank the knight and a scorpion.

Vanquished Creatures
  Sigmund (D:5)
  2 water moccasins
  2 ice beasts
  A black bear (D:7)
  5 scorpions
  A jelly (D:6)
  A hound (D:6)
  An iguana (D:6)
  6 gnolls
  6 adders
  A white imp (D:5)
  A worm (D:4)
  5 dart slugs
  11 orcs
  8 endoplasms
  4 giant cockroaches
  9 goblins
  4 hobgoblins
  2 jackals (D:1)
  12 kobolds
  5 quokkas
  10 ball pythons
  6 bats
  4 frilled lizards
  A goblin skeleton (D:6)
  A hobgoblin zombie (D:6)
  A kobold skeleton (D:6)
  An orc zombie (D:6)
  8 rats
120 creatures vanquished.

Vanquished Creatures (collateral kills)
  Menkaure (D:7)
  An ice beast (D:7)
  2 black bears
  A phantom (D:4)
  A kobold brigand (D:5)
  A bullfrog (D:4)
  A howler monkey (D:7)
  A crimson imp (D:6)
  3 jellies (D:6)
  A hound (D:7)
  An iguana (D:6)
  An orc wizard (D:6)
  A shadow imp (D:5)
  A white imp (D:6)
  4 orcs
  2 kobolds (D:5)
  A quokka (D:5)
  3 goblin zombies (D:6)
27 creatures vanquished.

Grand Total: 147 creatures vanquished

Notes
Turn   | Place    | Note
-------+----------+-------------------------------------------
     0 | D:1      | nickcage the Merfolk Gladiator began the quest for the Orb.
     0 | D:1      | Reached XP level 1. HP: 16/16 MP: 1/1
   300 | D:1      | Found Geil's Assorted Antiques.
   303 | D:1      | Reached XP level 2. HP: 22/22 MP: 2/2
   428 | D:1      | Reached skill level 5 in Polearms
   558 | D:1      | Found a faded altar of an unknown god.
   974 | D:2      | Reached XP level 3. HP: 25/27 MP: 3/3
  1283 | D:2      | Reached skill level 6 in Polearms
  1377 | D:2      | Reached XP level 4. HP: 28/33 MP: 4/4
  2054 | D:2      | Reached skill level 7 in Polearms
  2098 | D:3      | Reached XP level 5. HP: 22/38 MP: 5/5
  2392 | D:3      | Noticed a water moccasin
  2405 | D:3      | Killed a water moccasin
  2406 | D:3      | Reached skill level 8 in Polearms
  2406 | D:3      | Reached XP level 6. HP: 20/44 MP: 6/6
  2664 | D:3      | Found a hazy altar of Hepliaklqana.
  2665 | D:3      | Found a faded altar of an unknown god.
  2686 | D:3      | Became a worshipper of Hepliaklqana the Forgotten
  3069 | D:4      | Found a staircase to the Ecumenical Temple.
  3125 | D:4      | Reached skill level 9 in Polearms
  3387 | D:4      | Reached * piety under Hepliaklqana
  3579 | D:4      | Reached XP level 7. HP: 28/45 MP: 7/7
  3869 | D:4      | Reached skill level 10 in Polearms
  3869 | D:4      | Reached skill level 1 in Armour
  4072 | D:4      | Found an ancient bone altar of Kikubaaqudgha.
  4262 | D:5      | Entered Level 5 of the Dungeon
  4293 | D:5      | Noticed Sigmund
  4300 | D:5      | Killed Sigmund
  4301 | D:5      | Reached skill level 1 in Shields
  4382 | D:5      | Reached XP level 8. HP: 52/52 MP: 8/8
  4399 | D:5      | Found an iron altar of Okawaru.
  5141 | D:5      | Reached skill level 11 in Polearms
  5251 | D:5      | Found a shadowy altar of Dithmenos.
  5252 | D:5      | Found a blossoming altar of Fedhas.
  5341 | D:5      | Found a hide-covered altar of Uskayaw.
  5347 | D:5      | Reached ** piety under Hepliaklqana
  5348 | D:5      | Remembered your ancestor Tank as a knight
  5522 | D:5      | Found a sacrificial altar of Ru.
  5795 | D:6      | Found a glowing golden altar of the Shining One.
  6240 | D:6      | Found Jupn's Weapon Emporium.
  6381 | D:6      | Found a shimmering altar of Xom.
  6415 | D:6      | Identified the +7 long sword "Ucret" {vorpal, Str-3 Int-5
                  | Dex+9 SInv}
  7040 | D:7      | Reached *** piety under Hepliaklqana
  7070 | D:7      | Reached XP level 9. HP: 59/59 MP: 9/9
  7072 | D:7      | Reached skill level 12 in Polearms
  7194 | D:7      | Noticed Menkaure
  7207 | D:7      | Killed Menkaure
  7214 | D:7      | Reached skill level 5 in Fighting
  7255 | D:7      | Killed from afar by a steam dragon

Illustrated notes

Levels and vault maps discovered:
D:1:      saegor_arrival_fortress, layout_loops_ring,
          shapermc_ecumenical_altar_notcrosses, serial_shops,
          nicolae_square_shop, nrook_campfire, minmay_distorted
D:2:      layout_basic, minmay_joined_circles
D:3:      layout_rooms, beargit_hepliaklqana_dungeon_heroes
D:4:      layout_loops_corners, mainiacjoe_overflow_paths, temple_green,
          minmay_close_crescents
D:5:      black_bear_nest_2, layout_loops_cross, nicolae_overflow_two_pavilions,
          lemuel_tele_altar, mainiacjoe_overflow_brackets,
          nicolae_ru_path_of_blood, uniq_sigmund
D:6:      layout_layer_cave, xom_teletrap_fun, nicolae_tso_besieged_by_evil,
          serial_shops, shop
D:7:      layout_gridville, uniq_menkaure

Skill      XL: |  1  2  3  4  5  6  7  8  9 |
---------------+----------------------------+-----
Polearms       | 5 6 7 8 9 10 11 12 | 12.3
Armour         | 2 3 |  3.7
Fighting       | 3 4 5 |  5.0
Shields        | 1 3 |  3.7
Throwing       | |  2.0
Dodging        | |  4.0

Action                   |  1- 3 |  4- 6 |  7- 9 || total
-------------------------+-------+-------+-------++-------
Melee: Trident           |   112 |   192 |   221 ||   525
Throw: Dart              |       |     5 |     7 ||    12
       Javelin           |       |     1 |       ||     1
Invok: Recall Ancestor   |       |     1 |       ||     1
       Ancestor Identity |       |     1 |       ||     1
       Ancestor Life: Kn |       |       |     1 ||     1
Armor: Leather armour    |     8 |       |       ||     8
       Ring mail         |    10 |       |       ||    10
       Scale mail        |    16 |    14 |       ||    30
       Chain mail        |       |    65 |    57 ||   122
Dodge: Dodged            |    45 |    70 |    34 ||   149
Block: Kite shield       |       |    14 |    56 ||    70
